 Dungeon Crawl Stone Soup version 0.30.0-30-g96aa6591b8 (webtiles) character file.

Game seed: 18284830079057269677

24352 BillyBaka the Covert (level 13, -1/68 HPs)
             Began as a Vine Stalker Monk on June 27, 2023.
             Was an Elder of the Shining One.
             Slain by a death yak (8 damage)
             ... on level 4 of the Lair of Beasts.
             The game lasted 01:00:06 (10449 turns).

BillyBaka the Covert (Vine Stalker Monk)           Turns: 10449, Time: 01:00:07

Health: -1/68      AC: 15    Str: 14    XL:     13   Next: 12%
Magic:  0/18       EV: 20    Int: 10    God:    the Shining One [****..]
Gold:   517        SH:  0    Dex: 22    Spells: 16/16 levels left

rFire   . . .        P - +0 scimitar (flame)
rCold   + . .        d - orb {light}
rNeg    + + .        j - +3 ring mail {rPois}
rPois   +            r - +0 helmet
rElec   .            q - +1 cloak
rCorr   .            (no gloves)
SInv    .            T - +1 pair of boots
Will    +....        z - amulet of regeneration
Stlth   ++           f - ring of protection from cold
HPRegen 1.91/turn    D - +5 ring of evasion
MPRegen 0.16/turn

%: guardian spirit
@: glowing
A: fangs 3, regeneration 1, magic shield, antimagic bite, no potion heal 2
a: Renounce Religion, Divine Shield, Cleansing Flame


You were on level 4 of the Lair of Beasts.
You worshipped the Shining One.
The Shining One was greatly pleased with you.
You visited 3 branches of the dungeon, and saw 13 of its levels.

You collected 803 gold pieces.
You spent 286 gold pieces at shops.

Inventory:

Hand Weapons
 P - a +0 scimitar of flaming (weapon)
Missiles
 e - 7 javelins
Armour
 d - an orb of light (worn)
 j - a +3 ring mail of poison resistance (worn)
 q - a +1 cloak (worn)
 r - a +0 helmet (worn)
 N - a +1 robe of willpower
 T - a +1 pair of boots (worn)
Jewellery
 a - a ring of poison resistance
 f - a ring of protection from cold (left hand)
 i - a +4 ring of protection
 k - a ring of wizardry
 z - an amulet of regeneration (around neck)
 D - a +5 ring of evasion (right hand)
 E - a ring of positive energy
Wands
 l - a wand of quicksilver (14)
 G - a wand of mindburst (18)
 I - a wand of roots (18)
 O - a wand of charming (29) (quivered)
 S - a wand of digging (12)
Scrolls
 b - a scroll of enchant weapon {unknown}
 g - 3 scrolls of enchant armour
 m - 5 scrolls of teleportation
 t - 2 scrolls of torment {unknown}
 u - 4 scrolls of vulnerability
 v - a scroll of acquirement {unknown}
 y - 2 scrolls of noise
 A - 2 scrolls of silence
 H - a scroll of fog {unknown}
 K - 2 scrolls of amnesia {unknown}
 M - 5 scrolls of fear
 Q - a scroll of blinking {unknown}
 U - a scroll of immolation {unknown}
Potions
 c - a potion of ambrosia
 h - 4 potions of curing
 n - a potion of magic {unknown}
 o - 2 potions of degeneration {unknown}
 p - 2 potions of mutation {unknown}
 s - 5 potions of brilliance
 w - 3 potions of berserk rage {unknown}
 x - 6 potions of flight {unknown}
 B - 3 potions of might {unknown}
 C - a potion of attraction {unknown}
 F - a potion of lignification {unknown}
 L - 2 potions of invisibility {unknown}
 R - a potion of haste {unknown}


   Skills:
 + Level 7.9 Fighting
 - Level 4.8(7.5) Short Blades
 * Level 9.0(9.5) Long Blades
 - Level 1.0 Throwing
 + Level 6.5 Armour
 + Level 7.0 Dodging
 + Level 10.6 Stealth
 - Level 2.4 Spellcasting
 - Level 1.9 Earth Magic
 + Level 6.5 Invocations
 + Level 6.7 Evocations


You had 16 spell levels left.
You didn't know any spells.
Your spell library contained the following spells:

 Spells                   Type           Power      Damage    Failure   Level
 Sandblast                Erth           10%        2d5       26%         1
 Slow                     Hex            4%         N/A       50%         1
 Passwall                 Tmut/Erth      2%         N/A       50%         2
 Cigotuvi's Dreadful Rot  Necr/Pois/Air  2%         N/A       63%         2
 Ensorcelled Hibernation  Hex/Ice        2%         N/A       63%         2
 Poisonous Vapours        Pois/Air       2%         N/A       63%         2
 Scorch                   Fire           2%         2d5       63%         2
 Static Discharge         Conj/Air       2%         2-3/arc   63%         2
 Stone Arrow              Conj/Erth      6%         3d7       75%         3
 Confusing Touch          Hex            1%         N/A       86%         3
 Hailstorm                Conj/Ice       1%         3d3       86%         3
 Ignite Poison            Fire/Tmut/Pois 1%         N/A       86%         3
 Mephitic Cloud           Conj/Pois/Air  1%         N/A       86%         3
 Spider Form              Tmut/Pois      1%         N/A       86%         3
 Vampiric Draining        Necr           1%         2d6       86%         3
 Airstrike                Air            0%         2d(1-17)  99%         4
 Anguish                  Hex/Necr       0%         N/A       99%         4
 Flame Wave               Conj/Fire      1%         2d4       99%         4
 Ice Form                 Ice/Tmut       1%         N/A       99%         4
 Passage of Golubria      Tloc           1%         N/A       99%         4
 Summon Lightning Spire   Summ/Air       1%         N/A       99%         4
 Freezing Cloud           Conj/Ice/Air   0%         6-21      100%        5
 Silence                  Hex/Air        0%         N/A       100%        5
 Simulacrum               Ice/Necr       0%         N/A       100%        6
 Summon Cactus Giant      Summ           0%         N/A       100%        6
 Lehudib's Crystal Spear  Conj/Erth      1%         10d2      100%        8


Dungeon Overview and Level Annotations

Branches:
Dungeon (8/15)             Temple (1/1) D:6            Lair (4/5) D:8
 Shoals (0/4) Lair:2        Snake (0/4) Lair:3
  Slime: Lair:4-5

Altars:
Ashenzari
Dithmenos
Elyvilon
Fedhas
Gozag
Hepliaklqana
Kikubaaqudgha
Makhleb
Nemelex Xobeh
Okawaru
Qazlal
Ru
Sif Muna
Trog
Uskayaw
Vehumet
Wu Jian
Xom
Yredelemnul
Zin
The Shining One

Shops:
D:6 (

Annotations:
D:7 3 runed translucent doors, exclusion: 3 doors, jurchenman's ghost, novice DECj


Innate Abilities, Weirdness & Mutations

You have razor-sharp teeth.
Your natural rate of healing is unusually fast.
When hurt, damage is shared between your health and your magic reserves.
Your bite disrupts and absorbs the magic of your enemies.
Potions cannot restore your health.


Message History

The death yak is almost dead.
The death yak misses you. The death yak barely misses you.
You hit the death yak. You burn the death yak.
You kill the death yak!
Your Long Blades skill increases to level 9!
The death yak barely misses you. The death yak completely misses you.
You hit the death yak but do no damage. You bite the death yak.
You drain its power.
The death yak is lightly wounded.
A nearby plant withers and dies.
The death yak misses you.
The death yak gores you but does no damage.
The death yak gores you!!
* * * LOW HITPOINT WARNING * * *
You bump into the rock wall.
The death yak completely misses you. The death yak gores you.
* * * LOW HITPOINT WARNING * * *
The death yak barely misses you.
You bump into the rock wall.
The death yak misses you. The death yak barely misses you.
The death yak completely misses you. The death yak attacks as you move away!
The death yak misses you.
You feel less invigorated.
You feel less confused.
You slash the death yak! You burn the death yak. You bite the death yak.
You drain its power.
The death yak is moderately wounded.
The death yak closely misses you. The death yak attacks as you move away!
The death yak gores you!
* * * LOW HITPOINT WARNING * * *
The death yak gores you but does no damage.
You slash the death yak! You burn the death yak.
The death yak is moderately wounded.
The death yak closely misses you.
You slash the death yak! You burn the death yak.
The death yak is heavily wounded.
The death yak misses you. The death yak gores you.
* * * LOW HITPOINT WARNING * * *
The death yak gores you!
* * * LOW HITPOINT WARNING * * *
The death yak gores you!
You die...

.#......###
#.........##....#
#.........#
#...............#
#........##
##.>.....#.....##
#.........#
#...##.##.#P....#
#........##
#....##.####....#
##...<...# ##....###
...## ##.#...##
#YY..# ...# ##.....##
#.Y..# ?..# #P.##...#
##@.#.# ..#.
#####..P# ####....##
##..## #.#....## ##
#..######.....##
.####..##...†...#.#
.#.##..##.#>...#...#
..............###...#
............### #...#
<..........## .....


You could see 3 death yaks.

Vanquished Creatures
  2 hydras
  Erica (D:8)
  A catoblepas (Lair:3)
  A two-headed ogre (D:8)
  3 death yaks (Lair:4)
  Amaemon (Lair:1)
  2 skysharks
  2 merfolk sirens (Lair:2)
  Joseph (D:8)
  4 black mambas
  3 elephants (Lair:2)
  An orange demon (Lair:1)
  8 cane toads
  4 komodo dragons
  2 merfolk (Lair:2)
  11 blink frogs
  4 hornets
  Sigmund (D:5)
  3 basilisks
  2 wyverns
  17 yaks
  Grum (D:8)
  2 nagas (Lair:3)
  Edmund (D:5)
  7 water moccasins
  An orc warrior (D:7)
  2 ice beasts
  2 wolves (D:8)
  2 ogres
  2 centaurs
  A phantom (D:5)
  Blork the orc (D:5)
  9 bullfrogs
  3 scorpions
  4 wights (D:8)
  4 hounds
  2 orc priests
  2 jellies
  A gnoll bouda (D:8)
  2 sleepcaps
  Jessica (D:3)
  3 orc wizards
  8 iguanas
  6 hell rats (Lair:3)
  9 gnolls
  7 adders
  A shadow imp (D:7)
  2 white imps
  10 worms
  2 dart slugs
  23 orcs
  7 endoplasms
  4 giant cockroaches
  12 goblins
  5 hobgoblins
  3 quokkas
  9 ball pythons
  3 bats
  4 frilled lizards
  8 kobolds
  4 rats
254 creatures vanquished.

Vanquished Creatures (collateral kills)
  3 hornets (Lair:3)
3 creatures vanquished.

Vanquished Creatures (others)
  A hornet (Lair:3)
1 creature vanquished.

Grand Total: 258 creatures vanquished

Notes
Turn   | Place    | Note
-------+----------+-------------------------------------------
     0 | D:1      | BillyBaka the Vine Stalker Monk began the quest for the
                  | Orb.
     0 | D:1      | Reached XP level 1. HP: 11/11 MP: 2/2
   139 | D:1      | Reached XP level 2. HP: 16/16 MP: 3/3
   317 | D:1      | Reached skill level 1 in Stealth
   546 | D:1      | Reached XP level 3. HP: 19/19 MP: 4/4
  1003 | D:2      | Reached skill level 2 in Stealth
  1003 | D:2      | Gained mutation: Your natural rate of healing is unusually
                  | fast. [Vine Stalker growth]
  1003 | D:2      | Reached XP level 4. HP: 15/24 MP: 5/5
  1494 | D:3      | Noticed Jessica
  1496 | D:3      | Killed Jessica
  1497 | D:3      | Reached skill level 1 in Throwing
  1497 | D:3      | Reached skill level 1 in Spellcasting
  1564 | D:3      | Reached XP level 5. HP: 28/28 MP: 7/7
  1974 | D:3      | Found a white marble altar of Elyvilon.
  2034 | D:3      | Found an opulent altar of Gozag.
  2313 | D:4      | Identified the +12 mace of Gin and Tonic {pain, rF+ rCorr
                  | Str+3}
  2352 | D:4      | Identified the +1 leather armour "Annef" {Harm *Corrode
                  | MP+9}
  2526 | D:4      | Noticed an ogre
  2528 | D:4      | Noticed an ice beast
  2558 | D:4      | Reached skill level 1 in Earth Magic
  2558 | D:4      | Reached XP level 6. HP: 32/32 MP: 6/9
  2576 | D:4      | Killed an ice beast
  2577 | D:4      | Reached skill level 1 in Armour
  2577 | D:4      | Reached skill level 3 in Stealth
  2644 | D:4      | Reached XP level 7. HP: 37/37 MP: 11/11
  3370 | D:5      | Entered Level 5 of the Dungeon
  3375 | D:5      | Reached skill level 4 in Stealth
  3498 | D:5      | Reached skill level 1 in Evocations
  3537 | D:5      | Noticed Blork the orc
  3553 | D:5      | Killed Blork the orc
  3581 | D:5      | Noticed Edmund
  3601 | D:5      | Gained mutation: You have razor-sharp teeth. [Vine Stalker
                  | growth]
  3601 | D:5      | Reached XP level 8. HP: 39/42 MP: 12/12
  3609 | D:5      | Killed Edmund
  3770 | D:5      | Identified the +1 quarterstaff of the Teaching Gods {vamp,
                  | rCorr Stlth+}
  4110 | D:5      | Noticed Sigmund
  4119 | D:5      | Killed Sigmund
  4120 | D:5      | Reached skill level 5 in Stealth
  4457 | D:6      | Found Detyven's Antique Weapon Shoppe.
  4471 | D:6      | Bought a runed rapier for 154 gold pieces
  4471 | D:6      | Bought a runed falchion for 132 gold pieces
  4528 | D:6      | Found a staircase to the Ecumenical Temple.
  4600 | Temple   | Entered the Ecumenical Temple
  4822 | Temple   | Became a worshipper of the Shining One
  4822 | Temple   | Reached * piety under the Shining One
  4822 | Temple   | Reached ** piety under the Shining One
  5135 | D:7      | Found a runed translucent gate.
  5136 | D:7      | Found a runed translucent gate.
  5137 | D:7      | Found a runed translucent gate.
  5139 | D:7      | Found an opulent altar of Gozag.
  5140 | D:7      | Noticed a tengu warrior
  5140 | D:7      | Noticed jurchenman's ghost (novice DECj)
  5141 | D:7      | Noticed a two-headed ogre
  5192 | D:7      | Noticed a wyvern
  5193 | D:7      | Found a shimmering altar of Xom.
  5201 | D:7      | Killed a wyvern
  5202 | D:7      | Reached skill level 1 in Long Blades
  5202 | D:7      | Reached XP level 9. HP: 46/46 MP: 13/13
  5312 | D:7      | Reached skill level 1 in Invocations
  5351 | D:7      | Reached skill level 5 in Fighting
  5435 | D:7      | Reached skill level 6 in Stealth
  5495 | D:7      | Identified the +1 leather armour "Haeg" {rF+ rC- Dex+4}
  5535 | D:7      | Noticed a hornet
  5547 | D:7      | Killed a hornet
  5948 | D:8      | Noticed Grum
  5984 | D:8      | Noticed Erica
  5994 | D:8      | Killed Grum
  6007 | D:8      | Killed Erica
  6008 | D:8      | Reached XP level 10. HP: 27/51 MP: 10/14
  6096 | D:8      | Reached skill level 7 in Stealth
  6193 | D:8      | Noticed Joseph
  6198 | D:8      | Killed Joseph
  6258 | D:8      | Noticed a two-headed ogre
  6265 | D:8      | Killed a two-headed ogre
  6266 | D:8      | Reached skill level 5 in Dodging
  6437 | D:8      | Found a staircase to the Lair.
  6772 | Lair:1   | Entered Level 1 of the Lair of Beasts
  6819 | Lair:1   | Noticed a black mamba
  6825 | Lair:1   | Killed a black mamba
  6826 | Lair:1   | Reached skill level 5 in Long Blades
  6960 | Lair:1   | Noticed an orange demon
  6969 | Lair:1   | Killed an orange demon
  6969 | Lair:1   | Reached *** piety under the Shining One
  6975 | Lair:1   | Noticed Amaemon
  6991 | Lair:1   | Killed Amaemon
  6992 | Lair:1   | Reached skill level 8 in Stealth
  6992 | Lair:1   | Reached XP level 11. HP: 56/56 MP: 15/15
  7179 | Lair:1   | Reached skill level 5 in Evocations
  7257 | Lair:1   | Reached skill level 5 in Armour
  8317 | Lair:2   | Reached skill level 9 in Stealth
  8317 | Lair:2   | Reached skill level 5 in Invocations
  8403 | Lair:2   | Reached XP level 12. HP: 63/63 MP: 16/16
  8521 | Lair:2   | Found a staircase to the Shoals.
  8692 | Lair:2   | Noticed a six-headed hydra
  8707 | Lair:2   | Killed a two-headed hydra
  8714 | Lair:2   | HP: 1/63 [poisoned by a cane toad]
  9026 | Lair:3   | Found a staircase to the Snake Pit.
  9222 | Lair:3   | Noticed a catoblepas
  9230 | Lair:3   | Reached **** piety under the Shining One
  9260 | Lair:3   | Killed a catoblepas
  9630 | Lair:3   | Reached skill level 10 in Stealth
  9645 | Lair:3   | Noticed a skyshark
  9656 | Lair:3   | Killed a skyshark
  9673 | Lair:3   | Paralysed by a hornet for 3 turns
 10079 | Lair:4   | Noticed a six-headed hydra
 10100 | Lair:4   | Killed a one-headed hydra
 10168 | Lair:4   | Noticed a skyshark
 10205 | Lair:4   | Killed a skyshark
 10371 | Lair:4   | Reached XP level 13. HP: 68/68 MP: 18/18
 10449 | Lair:4   | Slain by a death yak

Illustrated notes

Levels and vault maps discovered:
D:1:      heliophobic_arrival_glass_houses, layout_basic
D:2:      layout_loops_ring
D:3:      layout_basic, amcnicky_altar_gilded, lemuel_coloured_pillars_altar,
          uniq_jessica
D:4:      minmay_bubble_buster, layout_cave_pools, serial_forest,
          infiniplex_forest_diagonal, infiniplex_forest_pool,
          infiniplex_forest_clump_diagonal, infiniplex_forest_corner_1,
          infiniplex_forest_end_3, infiniplex_forest_end_3,
          infiniplex_forest_end_1, infiniplex_forest_clump_tiny,
          infiniplex_forest_join, grunt_ministairs_13, nicolae_wormholes
D:5:      layout_basic, uniq_edmund, uniq_blork_the_orc, uniq_sigmund
D:6:      layout_basic, minmay_temple_entry_glass, serial_shops, shop
D:7:      layout_rooms, mainiacjoe_overflow_boulevard, ebering_ghost_gozag,
          hangedman_minor_gate_pass
D:8:      layout_basic, david_lair_shrubbed, hangedman_decor_push, uniq_erica,
          uniq_joseph, uniq_grum
Temple:   mainiacjoe_temple_bowtie_tessellation
Lair:1:   layout_layer_cave, uniq_amaemon
Lair:2:   layout_regular_city, elwin_shoals_entry_stream, serial_bayou_pond_d
Lair:3:   layout_chaotic_city, guppyfry_snake_entry_island, dreamdust_wasp_nest
Lair:4:   layout_concentric_octagons, eino_small_chamber_without_monster

Skill      XL: |  1  2  3  4  5  6  7  8  9 10 11 12 13 |
---------------+----------------------------------------+-----
Stealth        | 1 2 3 4 5 6 8 9 10 | 10.6
Fighting       | 3 4 5 6 7 |  7.9
Short Blades   | 3 4 |  4.8
Dodging        | 3 4 5 6 7 |  7.0
Throwing       | 1 |  1.0
Spellcasting   | 1 2 |  2.4
Earth Magic    | 1 |  1.9
Armour         | 1 2 3 4 5 6 |  6.5
Evocations     | 1 2 3 4 5 6 |  6.7
Long Blades    | 1 4 5 7 8 9 |  9.0
Invocations    | 2 4 5 6 |  6.5

Action                     |  1- 3 |  4- 6 |  7- 9 | 10-12 | 13-15 || total
---------------------------+-------+-------+-------+-------+-------++-------
  Melee: Short sword       |    73 |   141 |   183 |       |       ||   397
         Bite              |    19 |    62 |   139 |   339 |    24 ||   583
         Rapier            |       |       |    19 |       |       ||    19
         Falchion          |       |       |   106 |    14 |       ||   120
         Scimitar          |       |       |       |   617 |    35 ||   652
  Throw: Javelin           |    19 |     9 |       |       |       ||    28
 Invoke: Divine Shield     |       |       |       |     1 |       ||     1
  Evoke: Wand              |       |       |    27 |    36 |       ||    63
    Use: Scroll            |       |       |     7 |     1 |     1 ||     9
         Potion            |       |       |       |     2 |     1 ||     3
   Stab: Sleeping          |       |     1 |     1 |       |       ||     2
         Distracted        |       |     1 |       |       |       ||     1
 Armour: Robe              |     2 |       |       |       |       ||     2
         Leather armour    |    21 |     2 |       |       |       ||    23
         Ring mail         |       |    30 |    64 |   175 |    19 ||   288
  Dodge: Dodged            |    50 |    60 |   162 |   548 |    41 ||   861
  Block: Orb               |       |       |       |     5 |       ||     5
